| TOP OF THE 1ST |
|
Danville Veterans batting - Pitching for Burlington Bees : RHP Jim McCoy
|
|
Pitching: RHP Jim McCoy
|
|
|
Batting: RHB Billy Hatcher
|
0-0: Ball 1-0: DOUBLE (Flyball, 8RXD, EV 88.8 MPH)
|
|
Batting: RHB Henry Janssen
|
0-0: Ball 1-0: Ball 2-0: Ball 3-0: Called Strike 3-1: Foul Ball, location: 2F 3-2: Ground out 6-3 (Groundball, 6, EV 81.3 MPH) Billy Hatcher to third
|
|
Batting: LHB Mark Salas
|
0-0: Ball 1-0: Called Strike 1-1: Ball 2-1: Ball 3-1: Base on Balls
|
|
Batting: RHB Barry Brunenkant
|
0-0: Ball 1-0: Foul Ball, location: 2F 1-1: Fly out, F8 (Line Drive, 8LD, EV 91.3 MPH) Runner from 3rd tags up, SCORES, throw by CF
|
|
Batting: RHB Ed Saavedra
|
0-0: Foul Ball, location: 2F 0-1: Ball 1-1: SINGLE (Flyball, 6D, EV 89.4 MPH) Mark Salas to second
|
|
Batting: RHB Vincent Pone
|
0-0: Called Strike 0-1: Ball 1-1: Swinging Strike 1-2: Ground out 4-3 (Groundball, 4, EV 90.0 MPH)
|
| Top of the 1st over - 1 run, 2 hits, 0 errors, 2 left on base; Danville 1 - Burlington 0 |
| BOTTOM OF THE 1ST |
|
Burlington Bees batting - Pitching for Danville Veterans : LHP Donald Johnson
|
|
Pitching: LHP Donald Johnson
|
|
|
Batting: RHB Kenneth Patterson
|
0-0: Ball 1-0: Ball 2-0: Bunt missed! 2-1: Called Strike 2-2: Foul Ball, location: 2F 2-2: Foul Ball, location: 2F 2-2: Strikes out looking
|
|
Batting: LHB Clay Smith
|
0-0: Fly out, F5 (Popup, 56, EV 76.3 MPH)
|
|
Batting: RHB Javier Ortiz
|
0-0: Called Strike 0-1: Ball 1-1: Ball 2-1: Called Strike 2-2: Ball 3-2: Base on Balls
|
|
Batting: LHB Herm Winningham
|
0-0: Called Strike 0-1: Fly out, F8 (Flyball, 8LXD, EV 96.9 MPH)
|
| Bottom of the 1st over - 0 runs, 0 hits, 0 errors, 1 left on base; Danville 1 - Burlington 0 |
| TOP OF THE 2ND |
|
Danville Veterans batting - Pitching for Burlington Bees : RHP Jim McCoy
|
|
Batting: RHB Jeff Moronko
|
0-0: Ball 1-0: Ground out 5-3 (Groundball, 56S, EV 86.9 MPH)
|
|
Batting: RHB Tom Hayes
|
0-0: Ball 1-0: Ball 2-0: Ball 3-0: Base on Balls
|
|
Batting: RHB Jeff Hall
|
0-0: Ball 1-0: Called Strike 1-1: Ball 2-1: Ball 3-1: Foul Ball, location: 2F 3-2: Foul Ball, location: 2F 3-2: SINGLE (Groundball, 56D, EV 98.1 MPH) Tom Hayes to second Tom Hayes to third
|
|
Batting: RHB Billy Hatcher
|
0-0: Ball 1-0: SINGLE (Flyball, 56D, EV 99.4 MPH) Tom Hayes scores Jeff Hall to second
|
|
Batting: RHB Henry Janssen
|
0-0: Ball 1-0: Ball 2-0: Ball 3-0: Base on Balls Jeff Hall to third Billy Hatcher to second
|
|
Batting: LHB Mark Salas
|
0-0: Fly out, F8 (Flyball, 8RS, EV 85.0 MPH)
|
|
Batting: RHB Barry Brunenkant
|
0-0: Ball 1-0: Ground out U3 (Groundball, 34, EV 83.1 MPH)
|
| Top of the 2nd over - 1 run, 2 hits, 0 errors, 3 left on base; Danville 2 - Burlington 0 |
| BOTTOM OF THE 2ND |
|
Burlington Bees batting - Pitching for Danville Veterans : LHP Donald Johnson
|
|
Batting: RHB Bob Hicks
|
0-0: Ground out 5-3 (Groundball, 56, EV 78.8 MPH)
|
|
Batting: LHB Frank Hardy
|
0-0: Reached on error, E7 (Line Drive, 7, EV 93.8 MPH)
|
|
Batting: RHB Mike Quade
|
0-0: Called Strike 0-1: Called Strike 0-2: Strikes out swinging
|
|
Batting: RHB Collin Tanabe
|
0-0: Ball 1-0: Ball 2-0: Swinging Strike 2-1: Ball 3-1: SINGLE (Line Drive, 5D, EV 110.0 MPH) Frank Hardy to second
|
|
Batting: RHB James Noonan
|
0-0: Called Strike 0-1: Called Strike 0-2: Ball 1-2: Ball 2-2: Ball 3-2: Strikes out swinging
|
| Bottom of the 2nd over - 0 runs, 1 hit, 1 error, 2 left on base; Danville 2 - Burlington 0 |
| TOP OF THE 3RD |
|
Danville Veterans batting - Pitching for Burlington Bees : RHP Jim McCoy
|
|
Batting: RHB Ed Saavedra
|
0-0: Ball 1-0: Swinging Strike 1-1: Fly out, F7 (Flyball, 78S, EV 86.3 MPH)
|
|
Batting: RHB Vincent Pone
|
0-0: Called Strike 0-1: Ground out 5-3 (Groundball, 56S, EV 65.0 MPH)
|
|
Batting: RHB Jeff Moronko
|
0-0: Ball 1-0: DOUBLE (Line Drive, 7LS, EV 93.1 MPH)
|
|
Batting: RHB Tom Hayes
|
0-0: Fly out, F7 (Line Drive, 7D, EV 110.0 MPH)
|
| Top of the 3rd over - 0 runs, 1 hit, 0 errors, 1 left on base; Danville 2 - Burlington 0 |
| BOTTOM OF THE 3RD |
|
Burlington Bees batting - Pitching for Danville Veterans : LHP Donald Johnson
|
|
Batting: RHB Kenneth Patterson
|
0-0: Ball 1-0: Ball 2-0: Ball 3-0: Called Strike 3-1: Base on Balls
|
|
Batting: LHB Clay Smith
|
0-0: Called Strike 0-1: Foul Ball, location: 2F 0-2: Foul Ball, location: 2F 0-2: Ball 1-2: Ball 2-2: DOUBLE (Line Drive, 7LS, EV 98.1 MPH) Kenneth Patterson to third
|
|
Batting: RHB Javier Ortiz
|
0-0: Foul Ball, location: 2F 0-1: Fly out, F6 (Flyball, 6D, EV 75.0 MPH)
|
|
Batting: LHB Herm Winningham
|
0-0: Ball 1-0: Called Strike 1-1: Foul Ball, location: 2F 1-2: Strikes out swinging
|
|
Batting: RHB Bob Hicks
|
0-0: Called Strike 0-1: Swinging Strike 0-2: Ball Wild Pitch! Kenneth Patterson scores Clay Smith to third 1-2: Ball 2-2: Foul Ball, location: 2F 2-2: Foul Ball, location: 2F 2-2: Strikes out looking
|
| Bottom of the 3rd over - 1 run, 1 hit, 0 errors, 1 left on base; Danville 2 - Burlington 1 |
| TOP OF THE 4TH |
|
Danville Veterans batting - Pitching for Burlington Bees : RHP Jim McCoy
|
|
Batting: RHB Jeff Hall
|
0-0: SINGLE (Line Drive, 6MD, EV 106.9 MPH)
|
|
Batting: RHB Billy Hatcher
|
0-0: Foul Ball, location: 2F 0-1: Ball 1-1: Ball 2-1: Foul Ball, location: 2F 2-2: Ball 3-2: Fly out, F9 (Flyball, 89M, EV 97.5 MPH)
|
|
Batting: RHB Henry Janssen
|
0-0: Called Strike 0-1: Foul Ball, location: 2F 0-2: Ball 1-2: Fly out, F7 (Flyball, 7, EV 95.6 MPH)
|
|
Batting: LHB Mark Salas
|
0-0: Ball 1-0: Ball 2-0: Called Strike 2-1: Called Strike 2-2: Fly out, F5 (Popup, 5S, EV 76.9 MPH)
|
| Top of the 4th over - 0 runs, 1 hit, 0 errors, 1 left on base; Danville 2 - Burlington 1 |
| BOTTOM OF THE 4TH |
|
Burlington Bees batting - Pitching for Danville Veterans : LHP Donald Johnson
|
|
Batting: LHB Frank Hardy
|
0-0: Fly out, F8 (Flyball, 8LD, EV 86.9 MPH)
|
|
Batting: RHB Mike Quade
|
0-0: Ball 1-0: Ball 2-0: Foul Ball, location: 2F 2-1: Ground out 1-3 (Groundball, 15, EV 65.6 MPH)
|
|
Batting: RHB Collin Tanabe
|
0-0: Ball 1-0: Ball 2-0: Fly out, F6 (Flyball, 56D, EV 94.4 MPH)
|
| Bottom of the 4th over - 0 runs, 0 hits, 0 errors, 0 left on base; Danville 2 - Burlington 1 |
| TOP OF THE 5TH |
|
Danville Veterans batting - Pitching for Burlington Bees : RHP Jim McCoy
|
|
Batting: RHB Barry Brunenkant
|
0-0: Ball 1-0: Called Strike 1-1: Called Strike 1-2: Foul Ball, location: 2F 1-2: Fly out, F3 (Popup, 3SF, EV 81.9 MPH)
|
|
Batting: RHB Ed Saavedra
|
0-0: Ball 1-0: Ball 2-0: Ball 3-0: Base on Balls
|
|
Batting: RHB Vincent Pone
|
0-0: Ball Ed Saavedra steals 2nd base 1-0: Foul Ball, location: 2F 1-1: Foul Ball, location: 2F 1-2: Fly out, F8 (Line Drive, 8RM, EV 101.3 MPH)
|
|
Batting: RHB Jeff Moronko
|
0-0: Ball 1-0: SINGLE (Groundball, 6S, EV 69.4 MPH) (infield hit) Ed Saavedra to third
|
|
Batting: RHB Tom Hayes
|
0-0: Called Strike 0-1: Foul Ball, location: 2F 0-2: Ball 1-2: Foul Ball, location: 2F 1-2: SINGLE (Groundball, 56D, EV 98.1 MPH) Ed Saavedra scores Jeff Moronko to second
|
|
Batting: RHB Jeff Hall
|
0-0: Ball 1-0: Fly out, F9 (Flyball, 9LM, EV 87.5 MPH)
|
| Top of the 5th over - 1 run, 2 hits, 0 errors, 2 left on base; Danville 3 - Burlington 1 |
| BOTTOM OF THE 5TH |
|
Burlington Bees batting - Pitching for Danville Veterans : LHP Donald Johnson
|
|
Batting: RHB James Noonan
|
0-0: Foul Ball, location: 2F 0-1: Ground out 5-3 (Groundball, 56S, EV 92.5 MPH)
|
|
Batting: RHB Kenneth Patterson
|
0-0: Ground out 6-3 (Groundball, 6, EV 108.8 MPH)
|
|
Batting: LHB Clay Smith
|
0-0: Ball 1-0: Ball 2-0: Called Strike 2-1: Fly out, F9 (Line Drive, 9, EV 85.6 MPH)
|
| Bottom of the 5th over - 0 runs, 0 hits, 0 errors, 0 left on base; Danville 3 - Burlington 1 |
| TOP OF THE 6TH |
|
Danville Veterans batting - Pitching for Burlington Bees : RHP Jim McCoy
|
|
Batting: RHB Billy Hatcher
|
0-0: Swinging Strike 0-1: Ball 1-1: Swinging Strike 1-2: Foul Ball, location: 2F 1-2: Ball 2-2: Ball 3-2: Base on Balls
|
|
Batting: RHB Henry Janssen
|
0-0: Reached on error, E5 (Groundball, 5S, EV 74.4 MPH) Billy Hatcher to third
|
|
Batting: LHB Mark Salas
|
0-0: Called Strike 0-1: Ground out U3 (Groundball, 34S, EV 90.6 MPH) Billy Hatcher scores Henry Janssen to third
|
|
Batting: RHB Barry Brunenkant
|
0-0: Ball 1-0: Foul Ball, location: 2F 1-1: Foul Ball, location: 2F 1-2: Ground out 1-3 (Groundball, 34S, EV 73.8 MPH)
|
|
Batting: RHB Ed Saavedra
|
0-0: Foul Ball, location: 2F 0-1: Foul Ball, location: 2F 0-2: Ball 1-2: Ground out 6-3 (Groundball, 6, EV 86.9 MPH)
|
| Top of the 6th over - 1 run, 0 hits, 1 error, 1 left on base; Danville 4 - Burlington 1 |
| BOTTOM OF THE 6TH |
|
Burlington Bees batting - Pitching for Danville Veterans : LHP Donald Johnson
|
|
Batting: RHB Javier Ortiz
|
0-0: Ball 1-0: Called Strike 1-1: Ball 2-1: Fly out, F2 (Popup, 25F, EV 77.5 MPH)
|
|
Batting: LHB Herm Winningham
|
0-0: Ball 1-0: Foul Ball, location: 2F 1-1: Swinging Strike 1-2: Foul Ball, location: 2F 1-2: Ball 2-2: Strikes out looking
|
|
Batting: RHB Bob Hicks
|
0-0: Fly out, F9 (Flyball, 89S, EV 86.9 MPH)
|
| Bottom of the 6th over - 0 runs, 0 hits, 0 errors, 0 left on base; Danville 4 - Burlington 1 |
| TOP OF THE 7TH |
|
Danville Veterans batting - Pitching for Burlington Bees : RHP Jim McCoy
|
|
Batting: RHB Vincent Pone
|
0-0: Ground out 4-3 (Groundball, 34, EV 110.6 MPH)
|
|
Batting: RHB Jeff Moronko
|
0-0: Ball 1-0: Called Strike 1-1: Ball 2-1: SINGLE (Groundball, 6S, EV 73.8 MPH) (infield hit)
|
|
Batting: RHB Tom Hayes
|
0-0: SINGLE (Groundball, 56D, EV 106.9 MPH) Jeff Moronko to second
|
|
Batting: RHB Jeff Hall
|
0-0: SINGLE (Groundball, 56D, EV 99.4 MPH) Jeff Moronko to third Tom Hayes to second Runner from 3rd tries for Home, SAFE, throw by LF to home
|
|
Batting: RHB Billy Hatcher
|
0-0: Ball 1-0: SINGLE (Line Drive, 4D, EV 96.3 MPH) Tom Hayes to third Jeff Hall to second Runner from 3rd tries for Home, SAFE, throw by RF to home
|
|
Pitching: RHP Domingo Almanzar
|
|
|
Batting: RHB Henry Janssen
|
0-0: Ball 1-0: Ball 2-0: Foul Ball, location: 2F 2-1: Foul Ball, location: 2F 2-2: Ball 3-2: SINGLE (Groundball, 6M, EV 104.4 MPH) (infield hit) Jeff Hall to third Billy Hatcher to second
|
|
Batting: LHB Mark Salas
|
0-0: Ball 1-0: Foul Ball, location: 2F 1-1: Swinging Strike 1-2: Fly out, F8 (Flyball, 8LD, EV 73.8 MPH) Runner from 3rd tags up, SCORES, throw by CF Billy Hatcher to third
|
|
Batting: RHB Barry Brunenkant
|
0-0: Called Strike 0-1: Fly out, F8 (Line Drive, 8LM, EV 90.6 MPH)
|
| Top of the 7th over - 3 runs, 5 hits, 0 errors, 2 left on base; Danville 7 - Burlington 1 |
| BOTTOM OF THE 7TH |
|
Burlington Bees batting - Pitching for Danville Veterans : LHP Donald Johnson
|
|
Batting: LHB Frank Hardy
|
0-0: Fly out, F8 (Flyball, 8LS, EV 75.0 MPH)
|
|
Batting: RHB Mike Quade
|
0-0: Swinging Strike 0-1: Ball 1-1: Called Strike 1-2: Ball 2-2: Foul Ball, location: 2F 2-2: Strikes out looking
|
|
Batting: RHB Collin Tanabe
|
0-0: Called Strike 0-1: Ball 1-1: Ball 2-1: Foul Ball, location: 2F 2-2: Strikes out looking
|
| Bottom of the 7th over - 0 runs, 0 hits, 0 errors, 0 left on base; Danville 7 - Burlington 1 |
| TOP OF THE 8TH |
|
Danville Veterans batting - Pitching for Burlington Bees : RHP Domingo Almanzar
|
|
Batting: RHB Ed Saavedra
|
0-0: Ball 1-0: Foul Ball, location: 2F 1-1: SINGLE (Groundball, 4D, EV 96.9 MPH)
|
|
Batting: RHB Vincent Pone
|
0-0: Called Strike 0-1: Swinging Strike 0-2: SINGLE (Groundball, 6M, EV 108.1 MPH) (infield hit) Ed Saavedra to second
|
|
Batting: RHB Jeff Moronko
|
0-0: Ball 1-0: Foul Ball, location: 2F 1-1: Ball 2-1: Ground out 5-3 (Groundball, 56S, EV 68.1 MPH) Ed Saavedra to third Vincent Pone to second
|
|
Batting: RHB Tom Hayes
|
0-0: Ball 1-0: Ball 2-0: Ball 3-0: Called Strike 3-1: Ground out 4-3 (Groundball, 4S, EV 87.5 MPH) Ed Saavedra scores Vincent Pone to third
|
|
Pinch Hitting: RHB Russell Burgin
|
0-0: Called Strike 0-1: Ball 1-1: Ball 2-1: Foul Ball, location: 2F 2-2: Ball 3-2: SINGLE (Groundball, P, EV 83.1 MPH) (infield hit) Vincent Pone scores
|
|
Pinch Hitting: RHB Robert Triplett
|
0-0: Ball 1-0: Ball 2-0: Fielders Choice at 2nd, 5-4 (Groundball, 56, EV 101.9 MPH)
|
| Top of the 8th over - 2 runs, 3 hits, 0 errors, 1 left on base; Danville 9 - Burlington 1 |
| BOTTOM OF THE 8TH |
|
Burlington Bees batting - Pitching for Danville Veterans : LHP Donald Johnson
|
|
Now in LF: Russell Burgin
|
|
|
Now in RF: Geoffrey Nash
|
|
|
Batting: RHB James Noonan
|
0-0: Fly out, F9 (Flyball, 9LM, EV 92.5 MPH)
|
|
Batting: RHB Kenneth Patterson
|
0-0: Foul Ball, location: 2F 0-1: Ball 1-1: Foul Ball, location: 2F 1-2: Ball 2-2: Reached on error, E4 (Groundball, 4, EV 85.0 MPH)
|
|
Pinch Hitting: LHB Jeffrey Dunn
|
0-0: Ball 1-0: Called Strike 1-1: Swinging Strike 1-2: Ball 2-2: Ball 3-2: Strikes out swinging
|
|
Batting: RHB Javier Ortiz
|
0-0: Ball 1-0: Called Strike 1-1: Called Strike 1-2: Foul Ball, location: 2F 1-2: DOUBLE (Line Drive, 89D, EV 104.4 MPH) Kenneth Patterson to third Runner from 3rd tries for Home, SAFE, throw by RF to trailing runner, SAFE at third!
|
|
Batting: LHB Herm Winningham
|
0-0: Called Strike 0-1: Ball 1-1: Called Strike 1-2: Strikes out swinging
|
| Bottom of the 8th over - 1 run, 1 hit, 1 error, 1 left on base; Danville 9 - Burlington 2 |
| TOP OF THE 9TH |
|
Danville Veterans batting - Pitching for Burlington Bees : RHP Domingo Almanzar
|
|
Now at 2B: Jeffrey Dunn
|
|
|
Pinch Hitting: RHB Roosevelt Lett
|
0-0: Ball 1-0: Swinging Strike 1-1: Called Strike 1-2: Ground out 5-3 (Groundball, 56, EV 101.3 MPH)
|
|
Pitching: RHP Manuel Lunar
|
|
|
Batting: LHB Mark Salas
|
0-0: Ball 1-0: Ball 2-0: Foul Ball, location: 2F 2-1: Ground out 3-1 (Groundball, 3S, EV 85.0 MPH)
|
|
Pinch Hitting: RHB Gerald Hool
|
0-0: Ball 1-0: SINGLE (Line Drive, 9S, EV 93.8 MPH)
|
|
Batting: RHB Ed Saavedra
|
0-0: Called Strike 0-1: Ball 1-1: Foul Ball, location: 2F 1-2: Ball 2-2: Foul Ball, location: 2F 2-2: Ground out 4-3 (Groundball, 4S, EV 67.5 MPH)
|
| Top of the 9th over - 0 runs, 1 hit, 0 errors, 1 left on base; Danville 9 - Burlington 2 |
| BOTTOM OF THE 9TH |
|
Burlington Bees batting - Pitching for Danville Veterans : LHP Donald Johnson
|
|
Now at C: Gerald Hool
|
|
|
Now at 1B: Ken Weislak
|
|
|
Batting: RHB Bob Hicks
|
0-0: Ball 1-0: Ground out 5-3 (Groundball, 5S, EV 71.9 MPH)
|
|
Batting: LHB Frank Hardy
|
0-0: Ball 1-0: Foul Ball, location: 2F 1-1: Ball 2-1: Swinging Strike 2-2: Strikes out swinging
|
|
Batting: RHB Mike Quade
|
0-0: Called Strike 0-1: Ball 1-1: Ball 2-1: Ball 3-1: Base on Balls
|
|
Batting: RHB Collin Tanabe
|
0-0: Fly out, F8 (Line Drive, 8LM, EV 95.0 MPH)
|
| Bottom of the 9th over - 0 runs, 0 hits, 0 errors, 1 left on base; Danville 9 - Burlington 2 |
|